 Dungeon Crawl Stone Soup version 0.31-a0-1008-g5b978dac0e (webtiles) character file.

Game seed: 6047660154643655070

92320 voshxx the Scorcher (level 16, -13/76 HPs)
             Began as a Tengu Fire Elementalist on Nov 13, 2023.
             Was a High Priest of Sif Muna.
             Mangled by a +2 vampiric hand axe (14 damage)
             ... on level 1 of the Elven Halls.
             The game lasted 00:53:37 (30382 turns).

voshxx the Scorcher (Tengu Fire Elementalist)      Turns: 30382, Time: 00:53:38

Health: -13/76     AC:  6    Str:  8    XL:     16   Next: 5%
Magic:  2/37       EV: 26    Int: 29    God:    Sif Muna [*****.]
Gold:   2911       SH:  0    Dex: 16    Spells: 23/47 levels left

rFire   . . .        W - +5 war axe of Change {heavy, Int+4 Dex+2}
rCold   + . .        D - orb {*channel}
rNeg    . . .        N - +1 robe {rC+}
rPois   .            (helmet restricted)
rElec   .            y - +0 cloak
rCorr   .            O - +1 pair of gloves
SInv    .            (boots unavailable)
Will    +....        (no amulet)
Stlth   ++           j - +5 ring of evasion
HPRegen 0.32/turn    V - ring of wizardry
MPRegen 0.25/turn

%: acrobat, wizardry (x1), channel magic (20%)
@: flying
A: beak, talons 3, evasive flight, acrobatic
a: Renounce Religion, Channel Magic, Forget Spell, Divine Exegesis


You were on level 1 of the Elven Halls.
You worshipped Sif Muna.
Sif Muna was extremely pleased with you.
You visited 6 branches of the dungeon, and saw 25 of its levels.

You collected 3589 gold pieces.
You spent 678 gold pieces at shops.

Inventory:

Hand Weapons
 W - the +5 war axe of Change (weapon) {heavy, Int+4 Dex+2}
   (You found it on level 3 of the Lair of Beasts)

   Int+4:     It affects your intelligence (+4).
   Dex+2:     It affects your dexterity (+2).
Armour
 h - a +0 troll leather armour
 y - a +0 cloak (worn)
 D - an orb of energy (worn)
 N - a +1 robe of cold resistance (worn)
 O - a +1 pair of gloves (worn)
Jewellery
 g - a +5 ring of evasion
 j - a +5 ring of evasion (left hand)
 k - a +6 ring of intelligence
 F - a ring of protection from fire
 H - a ring of ice
 M - a ring of positive energy
 P - a ring of protection from cold
 V - a ring of wizardry (right hand)
 Y - a ring of resist corrosion
Wands
 G - a wand of paralysis (4)
 R - a wand of acid (5)
 T - a wand of iceblast (31)
 U - a wand of mindburst (1)
Scrolls
 a - a scroll of amnesia {unknown}
 e - 4 scrolls of fear {unknown}
 l - 5 scrolls of noise
 m - 2 scrolls of enchant weapon {unknown}
 o - 5 scrolls of revelation
 r - a scroll of summoning {unknown}
 t - 3 scrolls of brand weapon
 u - 3 scrolls of immolation {unknown}
 w - a scroll of silence {unknown}
 x - 7 scrolls of teleportation
 A - 2 scrolls of vulnerability {unknown}
 B - a scroll of torment {unknown}
 I - a scroll of acquirement {unknown}
 L - 3 scrolls of enchant armour {unknown}
 Q - 8 scrolls of identify
 X - 3 scrolls of fog {unknown}
Potions
 b - 2 potions of magic
 c - a potion of cancellation {unknown}
 d - 3 potions of might {unknown}
 f - 3 potions of curing
 i - 5 potions of ambrosia {unknown}
 n - 3 potions of attraction {unknown}
 p - 4 potions of mutation
 q - 2 potions of haste {unknown}
 s - 3 potions of heal wounds {unknown}
 z - 3 potions of enlightenment
 C - 8 potions of brilliance {unknown}
 J - a potion of berserk rage {unknown}
 K - a potion of resistance {unknown}
 S - a potion of lignification {unknown}
 Z - 2 potions of degeneration {unknown}


   Skills:
 * Level 10.3 Dodging
 - Level 2.0 Stealth
 + Level 16.3 Spellcasting
 + Level 9.9 Conjurations
 * Level 17.3 Fire Magic
 - Level 13.4 Air Magic
 * Level 1.5 Invocations
 - Level 0.3 Evocations


You had 23 spell levels left.
You knew the following spells:

 Your Spells              Type           Power      Damage    Failure   Level
a - Foxfire               Conj/Fire      100%       2x1d9     1%          1
b - Scorch                Fire           100%       2d9       1%          2
c - Inner Flame           Hex/Fire       65%        N/A       1%          3
d - Volatile Blastmotes   Fire/Tloc      100%       2d18      1%          3
e - Flame Wave            Conj/Fire      80%        2d17      1%          4
f - Plasma Beam           Fire/Air       42%        2x1d56    1%          6
g - Swiftness             Air            79%        N/A       1%          3
h - Blink                 Tloc           46%        N/A       4%          2

Your spell library contained the following spells:

 Spells                   Type           Power      Damage    Failure   Level
 Magic Dart               Conj           100%       1d8       1%          1
 Shock                    Conj/Air       100%       1d9       1%          1
 Cigotuvi's Dreadful Rot  Necr/Pois/Air  98%        N/A       1%          2
 Poisonous Vapours        Pois/Air       100%       N/A       1%          2
 Searing Ray              Conj           100%       2d8       1%          2
 Static Discharge         Conj/Air       100%       3-8/arc   1%          2
 Dazzling Flash           Conj/Hex       100%       N/A       1%          3
 Mephitic Cloud           Conj/Pois/Air  62%        N/A       1%          3
 Stone Arrow              Conj/Erth      100%       3d13      1%          3
 Sticky Flame             Conj/Fire      80%        2d9       1%          4
 Arcjolt                  Conj/Air       37%        1d47      1%          5
 Fireball                 Conj/Fire      40%        3d16      1%          5
 Iskenderun's Battlesphe  Conj           69%        2d12      1%          5
 Starburst                Conj/Fire      40%        6d11      2%          6
 Necrotise                Necr           92%        1d8       3%          1
 Sting                    Tmut/Pois      92%        1d7       3%          1
 Freezing Cloud           Conj/Ice/Air   31%        6-21      3%          5
 Ensorcelled Hibernation  Hex/Ice        46%        N/A       4%          2
 Passwall                 Tmut/Erth      19%        N/A       4%          2
 Wereblood                Tmut           23%        N/A       4%          2
 Fulminant Prism          Conj/Hex       25%        3d14      4%          4
 Conjure Ball Lightning   Conj/Air       37%        3x3d12    4%          6
 Call Canine Familiar     Summ           23%        N/A       7%          3
 Sigil of Binding         Hex            23%        N/A       7%          3
 Tukima's Dance           Hex            23%        N/A       7%          3
 Vampiric Draining        Necr           23%        2d7       7%          3
 Irradiate                Conj/Tmut      25%        3d20      8%          5
 Dimensional Bullseye     Hex/Tloc       11%        N/A       16%         4
 Dispel Undead            Necr           23%        3d12      16%         4
 Leda's Liquefaction      Hex/Erth       11%        N/A       16%         4
 Manifold Assault         Tloc           23%        N/A       16%         4
 Olgreb's Toxic Radiance  Pois           23%        N/A       16%         4
 Passage of Golubria      Tloc           23%        N/A       16%         4
 Petrify                  Tmut/Erth      23%        N/A       16%         4
 Bombard                  Conj/Erth      25%        9d5       28%         6
 Agony                    Necr           23%        N/A       36%         5
 Summon Forest            Summ/Tloc      11%        N/A       36%         5
 Yara's Violent Unravell  Hex/Tmut       11%        3d6       36%         5
 Maxwell's Capacitive Co  Air            39%        ∞         36%         8
 Spellforged Servitor     Conj/Summ      25%        N/A       77%         7
 Death Channel            Necr           11%        N/A       85%         6
 Dragon's Call            Summ           11%        N/A       100%        9


Dungeon Overview and Level Annotations

Branches:
Dungeon (15/15)            Temple (1/1) D:4            Lair (5/5) D:8
  Swamp (0/4) Lair:2       Spider (1/4) Lair:3        Slime (0/5) Lair:4
    Orc (2/2) D:10            Elf (1/3) Orc:2        Vaults (0/5) D:13
 Depths (0/4) D:15

Altars:
Ashenzari
Cheibriados
Dithmenos
Elyvilon
Fedhas
Gozag
Hepliaklqana
Kikubaaqudgha
Makhleb
Nemelex Xobeh
Okawaru
Qazlal
Ru
Sif Muna
Trog
Uskayaw
Vehumet
Wu Jian
Xom
Yredelemnul
Zin
The Shining One
Jiyva

Shops:
D:1 [   D:9 *   D:10 :=?   D:11 [[   D:15 *   Orc:1 !   Orc:2 *:[(

Annotations:
D:5 3 runed translucent doors, Fandomethor's ghost, amateur MfSh
D:6 1 runed translucent door
D:7 3 runed translucent doors, Vulpy's ghost, novice DjFE
D:12 3 runed translucent doors, haldagan's ghost, journeyman BaHu


Innate Abilities, Weirdness & Mutations

You have a beak for a mouth.
You have claws for feet.
Your magical flight helps you evade attacks. (EV +4)
You can magically evade attacks while moving or waiting.


Message History

The floor.
The +0 heavy trident hits you from afar!
The +2 vampiric hand axe attacks as it pursues you!
The +2 vampiric hand axe completely misses you.
The +2 vampiric hand axe misses you. The +2 vampiric hand axe hits you!
The +2 vampiric hand axe attacks as it pursues you!
The +2 vampiric hand axe hits you!
* * * LOW HITPOINT WARNING * * *
The +2 vampiric hand axe closely misses you.
Blink to where?
Press: ? - help, Dir - move target
As you read the scroll of blinking, it crumbles to dust.
Casting: Flame Wave (mildly dangerous; 1% risk of failure)
Confirm with . or Enter, or press ? or * to list all spells.
Casting: Plasma Beam (dangerous; 1% risk of failure)
Press: ? - help, Dir - look around, f - activate The bolt of lightning misses the +2 vampiric hand axe.
The fiery plasma misses the +2 vampiric hand axe.
You hear a shout! x2
Casting: Plasma Beam (dangerous; 1% risk of failure)
Confirm with . or Enter, or press ? or * to list all spells.
Casting: Plasma Beam (dangerous; 1% risk of failure)
Press: ? - help, Dir - look around, f - activate The bolt of lightning hits the +2 vampiric hand axe.
The +2 vampiric hand axe completely resists.
The bolt of lightning hits the +6 halberd of protection.
The +6 halberd of protection completely resists.
The fiery plasma hits the +2 vampiric hand axe!
The +2 vampiric hand axe resists.
The +2 vampiric hand axe is moderately damaged.
The fiery plasma hits the +6 halberd of protection.
The +6 halberd of protection resists.
The +6 halberd of protection is lightly damaged.
You hear a shout!
The +2 vampiric hand axe hits you!!
* * * LOW HITPOINT WARNING * * *
The +2 vampiric hand axe draws strength from your wounds!
The +2 vampiric hand axe hits you!
You die...

#...# #...#
##(## ##e#.#
##.###.#
##########
##(## #.#
.........###.##
#.# #####.##e##
## #..@((....#
#.###.####.# #
#.# #.# ..# #.#
##.# #.# #.# .#
#.# # #.#


You could see a deep elf archer (repels missiles) and 2 dancing weapons.

Vanquished Creatures
  Kirke (D:12)
  Louise (D:14)
  An ironbound preserver (D:13)
  Nessos (D:13)
  An eleionoma (Lair:2)
  Josephine (D:14)
  An entropy weaver (D:13)
  Fannar (D:12)
  2 ice dragons (D:15)
  2 ogre magi (Orc:2)
  9 hydras
  Erica (D:8)
  2 boulder beetles
  8 two-headed ogres
  2 catoblepae
  A centaur warrior (D:13)
  A deep troll shaman (Lair:5)
  An orc high priest (Orc:1)
  A tengu warrior (D:15)
  A death knight (D:14)
  5 death yaks (Lair:5)
  Nergalle (D:11)
  A skyshark (Lair:5)
  A pharaoh ant (Spider:1)
  2 deep trolls (Orc:2)
  Lodul (D:14)
  An orb spider (shapeshifter) (D:14)
  2 slime creatures (D:14)
  A lindwurm (Lair:5)
  2 deep elf pyromancers
  A wolf spider (Spider:1)
  3 orc knights
  6 ugly things
  An oklob plant (Lair:1)
  2 orc sorcerers
  2 manticores
  A moth of wrath (Lair:3)
  9 cyclopes
  14 elephants
  A guardian serpent (shapeshifter) (D:13)
  An ice statue (D:14)
  13 cane toads
  A gargoyle (D:10)
  Jeremiah (D:7)
  A torpor snail (Lair:2)
  Psyche (D:12)
  3 unseen horrors
  2 rime drakes
  8 komodo dragons
  2 kobold demonologists
  2 tengu conjurers
  An efreet (D:15)
  15 trolls
  A hornet (D:8)
  A meliai (D:12)
  2 polar bears (Lair:5)
  5 tarantellas
  11 blink frogs
  A glass eye (shapeshifter) (D:14)
  8 dream sheep (Lair:5)
  A culicivora (Spider:1)
  A jumping spider (Lair:3)
  Eustachio (D:4)
  A wyvern (D:9)
  8 wraiths
  4 basilisks
  6 hogs (D:12)
  9 redbacks
  50 yaks
  A neqoxec (D:10)
  A fire elemental (Elf:1)
  A steam dragon (D:8)
  7 vampire mosquitoes
  20 water moccasins
  2 wargs
  3 acid dragons
  17 orc warriors
  2 sky beasts
  5 black bears
  30 ogres
  25 wolves
  6 centaurs (D:12)
  3 kobold brigands
  9 bullfrogs
  9 scorpions
  7 wights
  12 killer bees
  2 electric eels
  3 howler monkeys
  2 jellies (D:4)
  6 crimson imps (D:10)
  12 orc priests
  2 hounds (D:7)
  4 iguanas
  3 sleepcaps
  11 orc wizards
  7 gnolls
  14 adders
  A shadow imp (D:7)
  7 white imps
  2 ufetubi (D:8)
  3 dart slugs
  44 orcs
  4 bats
  16 endoplasms
  2 giant cockroaches
  11 goblins
  A hobgoblin (D:4)
  28 kobolds
  7 quokkas
  8 ball pythons
  3 frilled lizards
  21 rats
641 creatures vanquished.

Vanquished Creatures (collateral kills)
  17 foxfires (D:8)
17 creatures vanquished.

Vanquished Creatures (others)
  302 foxfires
302 creatures vanquished.

Grand Total: 960 creatures vanquished

Notes
Turn   | Place    | Note
-------+----------+-------------------------------------------
     0 | D:1      | voshxx the Tengu Fire Elementalist began the quest for the
                  | Orb.
     0 | D:1      | Reached XP level 1. HP: 10/10 MP: 4/4
    60 | D:1      | Found Naigemp's Antique Armour Boutique.
   219 | D:1      | Reached XP level 2. HP: 15/15 MP: 1/6
   417 | D:1      | Learned a level 2 spell: Scorch
  1041 | D:2      | Reached skill level 4 in Fire Magic
  1041 | D:2      | Reached XP level 3. HP: 19/19 MP: 2/7
  1568 | D:2      | Reached XP level 4. HP: 24/24 MP: 4/9
  2472 | D:3      | Reached XP level 5. HP: 28/28 MP: 5/11
  3560 | D:4      | Reached skill level 5 in Fire Magic
  3895 | D:4      | Reached XP level 6. HP: 32/32 MP: 10/13
  4156 | D:4      | Noticed Eustachio
  4164 | D:4      | Killed Eustachio
  4165 | D:4      | Gained mutation: Your magical flight helps you evade
                  | attacks. (EV +4) [Tengu growth]
  4165 | D:4      | Reached XP level 7. HP: 36/36 MP: 6/15
  4167 | D:4      | Reached skill level 6 in Fire Magic
  4363 | D:4      | Reached skill level 5 in Spellcasting
  4461 | D:4      | Found a staircase to the Ecumenical Temple.
  4476 | D:4      | Found a glowing silver altar of Zin.
  4492 | Temple   | Entered the Ecumenical Temple
  4521 | Temple   | Became a worshipper of Sif Muna the Loreminder
  4805 | D:4      | Found a glowing golden altar of the Shining One.
  4805 | D:4      | Found a bloodstained altar of Trog.
  4805 | D:4      | Found a sparkling altar of Nemelex Xobeh.
  4805 | D:4      | Found a sacrificial altar of Ru.
  4805 | D:4      | Found an iron altar of Okawaru.
  4805 | D:4      | Found a white marble altar of Elyvilon.
  5364 | D:5      | Entered Level 5 of the Dungeon
  5617 | D:5      | Found a runed translucent gate.
  5617 | D:5      | Found a runed translucent gate.
  5618 | D:5      | Found a runed translucent gate.
  5619 | D:5      | Noticed Fandomethor's ghost (amateur MfSh)
  5937 | D:5      | Found a shadowy altar of Dithmenos.
  6314 | D:6      | Noticed a redback
  6315 | D:6      | Noticed a redback
  6315 | D:6      | Found the +9 staff of Olgreb {rPois∞}
  6316 | D:6      | Found a runed translucent gate.
  6316 | D:6      | Found a runed translucent gate.
  6322 | D:6      | Found a runed translucent door.
  6420 | D:6      | Reached XP level 8. HP: 36/41 MP: 6/17
  6629 | D:6      | Found a runed translucent door.
  6637 | D:6      | Found a runed translucent gate.
  6652 | D:6      | Reached * piety under Sif Muna
  6653 | D:6      | Reached skill level 7 in Fire Magic
  7291 | D:6      | Learned a level 3 spell: Inner Flame
  7295 | D:6      | Learned a level 3 spell: Volatile Blastmotes
  7300 | D:6      | Learned a level 4 spell: Flame Wave
  7312 | D:6      | Reached skill level 8 in Fire Magic
  7315 | D:6      | Reached XP level 9. HP: 43/45 MP: 7/21
  7318 | D:6      | Reached skill level 9 in Fire Magic
  7562 | D:7      | Noticed Jeremiah
  7677 | D:7      | Killed Jeremiah
  7804 | D:7      | Reached skill level 10 in Fire Magic
  7903 | D:7      | Found a runed translucent gate.
  7903 | D:7      | Found a runed translucent gate.
  7904 | D:7      | Found a runed translucent gate.
  7904 | D:7      | Noticed a two-headed ogre
  7906 | D:7      | Noticed Vulpy's ghost (novice DjFE)
  7922 | D:7      | Reached ** piety under Sif Muna
  8051 | D:7      | Found a flagged portal.
  8251 | D:7      | Found a glowing golden altar of the Shining One.
  8387 | D:7      | Found an ornate altar of the Wu Jian Council.
  8519 | D:8      | Noticed a +0 falchion
  8519 | D:8      | Noticed a +0 spear
  8519 | D:8      | Noticed a +0 short sword
  8519 | D:8      | Noticed a +0 falchion
  8519 | D:8      | Noticed a +0 dagger
  8519 | D:8      | Noticed a +0 dagger
  8520 | D:8      | Noticed a +0 short sword
  8520 | D:8      | Noticed a +0 spear
  8530 | D:8      | Reached XP level 10. HP: 50/50 MP: 18/24
  8584 | D:8      | Noticed Erica
  8950 | D:8      | Found an ancient bone altar of Kikubaaqudgha.
  9081 | D:8      | Killed Erica
  9082 | D:8      | Reached skill level 11 in Fire Magic
  9222 | D:8      | Found a hide-covered altar of Uskayaw.
  9318 | D:8      | Found a staircase to the Lair.
  9336 | D:8      | Reached *** piety under Sif Muna
  9349 | D:8      | Reached skill level 10 in Spellcasting
  9548 | D:9      | Noticed a deep elf pyromancer
  9555 | D:9      | Killed a deep elf pyromancer
  9799 | D:9      | Found Woiptifa's Assorted Antiques.
  9814 | D:9      | You are sucked into a shaft and drop 3 floors!
  9886 | D:12     | Reached skill level 5 in Conjurations
  9921 | D:12     | Reached skill level 12 in Fire Magic
  9921 | D:12     | Reached XP level 11. HP: 42/54 MP: 26/26
  9992 | D:12     | Found a runed translucent gate.
  9995 | D:12     | Found a runed translucent gate.
  9995 | D:12     | Noticed haldagan's ghost (journeyman BaHu)
  9996 | D:12     | Found a runed translucent gate.
 10098 | D:12     | Noticed Kirke
 10109 | D:12     | Killed Kirke
 10478 | D:12     | Identified the +1 helmet of the Unicorn {rN+}
 10574 | D:12     | Noticed a manticore
 10581 | D:12     | Killed a manticore
 10719 | D:12     | Noticed Psyche
 10719 | D:12     | Noticed a purple ugly thing
 10733 | D:12     | Killed Psyche
 10751 | D:12     | Killed a purple ugly thing
 10752 | D:12     | Reached skill level 13 in Fire Magic
 11119 | D:12     | Reached **** piety under Sif Muna
 11272 | D:12     | Noticed Fannar
 11282 | D:12     | Killed Fannar
 11283 | D:12     | Reached XP level 12. HP: 39/59 MP: 16/29
 11552 | D:13     | Reached skill level 5 in Dodging
 11643 | D:13     | Noticed a five-headed hydra
 11842 | D:11     | Found Raexkuum's Antique Armour Boutique.
 12123 | D:11     | Noticed Nergalle
 12131 | D:11     | Killed Nergalle
 12357 | D:11     | Found Eroppaewn's Armour Boutique.
 12467 | D:11     | Reached skill level 14 in Fire Magic
 12759 | D:13     | Killed a five-headed hydra
 12891 | D:10     | Entered Level 10 of the Dungeon
 12892 | D:10     | Found a sparkling altar of Nemelex Xobeh.
 12894 | D:10     | Found an iron altar of Okawaru.
 12935 | D:10     | Reached ***** piety under Sif Muna
 13021 | D:10     | Received a gift from Sif Muna
 13051 | D:10     | Found Bacloxesigh's Magic Scroll Shop.
 13054 | D:10     | Bought a scroll of blinking for 90 gold pieces
 13054 | D:10     | Bought a scroll of teleportation for 36 gold pieces
 13287 | D:10     | Found a staircase to the Orcish Mines.
 13448 | D:10     | Found an opulent altar of Gozag.
 13606 | D:10     | Found Kexefuk's Book Emporium.
 13625 | D:10     | Bought a book of Fire for 480 gold pieces
 13723 | D:10     | Learned a level 6 spell: Plasma Beam
 13886 | D:10     | Found Calocw's Jewellery Boutique.
 14045 | Lair:1   | Entered Level 1 of the Lair of Beasts
 14066 | Lair:1   | Reached skill level 1 in Air Magic
 14598 | Lair:1   | Reached XP level 13. HP: 63/63 MP: 16/31
 15040 | Lair:1   | Reached skill level 15 in Fire Magic
 15438 | Lair:2   | Found a staircase to the Swamp.
 15438 | Lair:2   | Noticed an eleionoma
 15445 | Lair:2   | Killed an eleionoma
 16015 | Lair:2   | Reached skill level 5 in Air Magic
 16513 | Lair:3   | Identified the +5 war axe of Change {heavy, Int+4 Dex+2}
 16620 | Lair:3   | Identified the of Evaargh (Sif Muna gifted it to you on
                  | level 3 of the Lair of Beasts)
 16620 | Lair:3   | Received a gift from Sif Muna
 17616 | Lair:3   | Found a hole to the Spider Nest.
 18699 | Lair:4   | Found a viscous altar of Jiyva.
 18699 | Lair:4   | Found a staircase to the Slime Pits.
 18768 | Lair:5   | Entered Level 5 of the Lair of Beasts
 18868 | Lair:5   | Reached XP level 14. HP: 68/68 MP: 9/33
 20623 | Lair:5   | Reached skill level 15 in Spellcasting
 20625 | Lair:5   | Identified the "Foept" (Sif Muna gifted it to you on level
                  | 5 of the Lair of Beasts)
 20625 | Lair:5   | Received a gift from Sif Muna
 20690 | Lair:5   | Reached skill level 10 in Air Magic
 21375 | Orc:1    | Entered Level 1 of the Orcish Mines
 21999 | Orc:1    | Found a radiant altar of Vehumet.
 22045 | Orc:1    | Found Muadwim's Distillery.
 22112 | Orc:1    | Found a burning altar of Makhleb.
 22267 | Orc:2    | Entered Level 2 of the Orcish Mines
 23721 | Orc:2    | Identified the of Vuogohir (Sif Muna gifted it to you on
                  | level 2 of the Orcish Mines)
 23721 | Orc:2    | Received a gift from Sif Muna
 23740 | Orc:2    | Reached XP level 15. HP: 72/72 MP: 14/35
 23746 | Orc:1    | Learned a level 3 spell: Swiftness
 23749 | Orc:1    | Learned a level 2 spell: Blink
 24891 | Orc:2    | Found Luosyap's Book Shoppe.
 24896 | Orc:2    | Found Moemi's Weapon Shop.
 24901 | Orc:2    | Found Obbont's General Store.
 24902 | Orc:2    | Found Jipha's Armour Shoppe.
 24915 | Orc:2    | Bought a scroll of teleportation for 36 gold pieces
 24915 | Orc:2    | Bought a scroll of teleportation for 36 gold pieces
 24963 | Orc:2    | Found a staircase to the Elven Halls.
 25377 | D:13     | Noticed Nessos
 25379 | D:13     | Killed Nessos
 25696 | D:13     | Reached skill level 16 in Fire Magic
 25918 | D:13     | Found a gate to the Vaults.
 26842 | D:14     | Noticed Lodul
 26843 | D:14     | Killed Lodul
 27098 | D:14     | Noticed Josephine
 27100 | D:14     | Killed Josephine
 27238 | D:14     | Noticed Louise
 27240 | D:14     | Killed Louise
 27243 | D:14     | Found a sparkling altar of Nemelex Xobeh.
 27416 | D:14     | Found an ornate altar of the Wu Jian Council.
 28112 | D:15     | Entered Level 15 of the Dungeon
 28238 | D:15     | Identified the of Giagigh (Sif Muna gifted it to you on
                  | level 15 of the Dungeon)
 28238 | D:15     | Received a gift from Sif Muna
 28300 | D:15     | Reached skill level 10 in Dodging
 28627 | D:15     | Reached skill level 17 in Fire Magic
 28795 | D:15     | Found Nook Veickag's Gadget Gallery.
 29059 | D:15     | Found a staircase to the Depths.
 29264 | D:15     | Reached skill level 1 in Invocations
 29873 | Spider:1 | Entered Level 1 of the Spider Nest
 29882 | Spider:1 | Reached XP level 16. HP: 76/76 MP: 10/37
 30340 | Vaults:5 | Identified the "Fofiphok"
 30340 | Vaults:5 | Identified the of Wochiuka
 30340 | Depths:2 | Identified the of Wagoufil
 30340 | Depths:2 | Identified the of Zeetziz
 30340 | Elf:1    | Identified the "Jianidex"
 30340 | Elf:1    | Entered Level 1 of the Elven Halls
 30382 | Elf:1    | HP: 1/76 [+2 vampiric hand axe (18)]
 30382 | Elf:1    | Mangled by a +2 vampiric hand axe

Illustrated notes

Levels and vault maps discovered:
D:1:      nagdon_arrival_double_spiral, layout_rooms, serial_shops, shop
D:2:      minmay_angry_zag, layout_basic
D:3:      layout_basic, minmay_rat_hole
D:4:      cheibrodos_fertilizer, layout_layer_cave, lemuel_tele_altar,
          minmay_temple_entry_glass, uniq_eustachio
D:5:      layout_basic, grunt_dithmenos_smoke_and_mirrors,
          ebering_ghost_rock_garden
D:6:      layout_loops_ring, serial_library_hellmonk_reading_circle,
          minmay_guarded_unrand_staff_of_olgreb
D:7:      layout_rooms, nzn_wu_jian_council_hall, old_standard_altar,
          gammafunk_ghost_split, enter_bailey_3, uniq_jeremiah
D:8:      layout_rooms, mainiacjoe_overflow_concentric_impassable,
          nicolae_uskayaw_en_pointe, david_lair_shrubbed, serial_demonic,
          serial_demonic_g, serial_demonic_d, serial_demonic_d,
          serial_demonic_f, uniq_erica
D:9:      layout_roguey, serial_shops, nicolae_shop_getting_attention
D:10:     layout_loops_ring, grunt_gozag_breadcrumbs,
          grunt_temple_overflow_open, orc_0_dummy, serial_shops,
          nicolae_shop_tiny_real_fake_doors, nicolae_shop_real_fake_doors,
          nicolae_shop_advertising_works [nicolae_subvault_shop_adworks],
          minmay_misc_feat_four_crosses, kennysheep_flooded_box,
          minmay_nine_imps
D:11:     layout_loops_ring, serial_shops, shop,
          nicolae_shop_pleasant_corner_grove, uniq_nergalle
D:12:     layout_roguey, gammafunk_ghost_nasty_kobolds, eino_jars, uniq_psyche,
          uniq_kirke, uniq_fannar
D:13:     layout_basic, hellmonk_vaults_order_and_chaos, uniq_nessos
D:14:     lemuel_ice_statue, layout_loops_ring, nicolae_water_bricks,
          hangedman_feature_mirror, uniq_louise, uniq_josephine, uniq_lodul
D:15:     grunt_enter_depths_hoard, layout_basic, minmay_misc_feat_x,
          nicolae_shop_gadgets
Temple:   nicolae_temple_ecumenical_triangle
Lair:1:   layout_roguey, grunt_megastairs_1
Lair:2:   layout_chaotic_city, alex1729_swamp_entry_worm_eleionoma,
          grunt_megastairs_5
Lair:3:   layout_gridlike, spider_nest_entry_funnel_web, minivault_23
Lair:4:   layout_hall_layers, dpeg_slime_entry_corner, infiniplex_staircase_pool
Lair:5:   grunt_lair_end_beastmaster, layout_regular_city, lemuel_fruit_tree,
          grunt_megastairs_2, lemuel_fruit_fields, infiniplex_staircase_pool_2,
          serial_bayou_shore_b
Spider:1: gammafunk_sealed_arena, nicolae_spider_baby_got_redback,
          hangedman_spider_tarantella_strand
Orc:1:    layout_caves, basic_altar, serial_shops, nicolae_shop_rolling_square,
          bloody_makhleb
Orc:2:    st_orc_open, layout_caves, david_defended_altar_orc
Elf:1:    layout_loops_corners, orc_legates, minmay_misc_feat_alley,
          kilobyte_rumbling_trees

Skill      XL: |  1  2  3  4  5  6  7  8  9 10 11 12 13 14 15 |
---------------+----------------------------------------------+-----
Fire Magic     | 4 5 6 8 10 12 13 14 15 17 | 17.3
Conjurations   | 2 3 5 6 8 9 |  9.9
Spellcasting   | 3 4 5 7 9 10 12 13 14 15 16 | 16.3
Dodging        | 3 4 6 7 9 10 | 10.3
Air Magic      | 2 7 12 13 | 13.4
Invocations    | 1 |  1.5
Stealth        | |  2.0
Evocations     | |  0.3

Action                     |  1- 3 |  4- 6 |  7- 9 | 10-12 | 13-15 | 16-18 || total
---------------------------+-------+-------+-------+-------+-------+-------++-------
  Melee: Unarmed           |     3 |    29 |    17 |    57 |     3 |       ||   109
         Kick              |     1 |     9 |     4 |    18 |     1 |       ||    33
         Peck              |       |     7 |     4 |    16 |       |       ||    27
   Cast: Foxfire           |    44 |    19 |    33 |    84 |     1 |       ||   181
         Scorch            |    17 |    50 |    95 |   102 |    36 |       ||   300
         Flame Wave        |       |       |     9 |    76 |    87 |     3 ||   175
         Plasma Beam       |       |       |       |       |   268 |    16 ||   284
 Invoke: Channel Magic     |       |       |       |       |     1 |       ||     1
  Evoke: Wand              |       |       |     3 |    19 |       |       ||    22
    Use: Scroll            |       |       |       |     8 |     1 |     1 ||    10
         Potion            |       |       |       |     2 |     1 |     2 ||     5
   Stab: Distracted        |       |       |     1 |       |       |       ||     1
         Paralysed         |       |       |       |    14 |       |       ||    14
 Armour: Robe              |     6 |    18 |    24 |       |    38 |    11 ||    97
         Steam dragon scal |       |       |       |    22 |       |       ||    22
         Troll leather arm |       |       |       |   101 |    61 |       ||   162
  Dodge: Dodged            |    16 |    41 |    61 |   382 |   369 |    30 ||   899

Table legend: (Time is in decaauts)
 A = Elapsed time spent in this place.
 B = Non-inter-level travel time spent in this place.
 C = Inter-level travel time spent in this place.
 D = Time resting spent in this place.
 E = Time spent auto-exploring this place.
 F = Levels seen in this place.
 G = Mean time per level.
                   A        B        C        D        E       F      G
               +--------+--------+--------+--------+--------+-----+--------+
         Total |  30443 |  28559 |   1884 |   3801 |  21220 |  25 | 1217.7 |
       Dungeon |  19224 |  17920 |   1304 |    791 |  14888 |  15 | 1281.6 |
        Temple |     36 |     30 |      6 |      0 |      0 |   1 |   36.0 |
          Lair |   7611 |   7148 |    463 |   1080 |   5195 |   5 | 1522.2 |
   Spider Nest |     22 |     22 |      0 |      2 |      0 |   1 |   22.0 |
  Orcish Mines |   3506 |   3398 |    108 |   1928 |   1119 |   2 | 1753.0 |
   Elven Halls |     41 |     41 |      0 |      0 |     18 |   1 |   41.0 |
               +--------+--------+--------+--------+--------+-----+--------+

Top non-repeatable levels by time:
     D:4: 2055 daAuts
    D:12: 1977 daAuts
  Lair:5: 1973 daAuts
   Orc:1: 1946 daAuts
  Lair:3: 1753 daAuts
    D:13: 1629 daAuts
    D:10: 1607 daAuts
   Orc:2: 1559 daAuts
    D:15: 1520 daAuts
     D:6: 1448 daAuts
     D:2: 1440 daAuts
    D:14: 1381 daAuts
  Lair:4: 1370 daAuts
  Lair:2: 1280 daAuts
  Lair:1: 1233 daAuts
